 Dungeon Crawl Stone Soup version 0.26-a0-651-gb41185065b (webtiles) character file.

Game seed: 7486964538993049810

3959 kae the Grappler (level 10, -1/70 (71) HPs)
             Began as a Black Draconian Transmuter on Oct 12, 2020.
             Was a Priest of Wu Jian.
             Slain by a slime creature (8 damage)
             ... on level 9 of the Dungeon.
             The game lasted 00:08:48 (11843 turns).

kae the Grappler (Black Draconian Transmuter)      Turns: 11843, Time: 00:08:49

HP:   -1/70 (71)    AC:  9    Str: 17    XL:     10   Next: 2%
MP:   12/13         EV: 12    Int: 13    God:    Wu Jian [***...]
Gold: 258           SH:  0    Dex: 11    Spells: 2/13 levels left

rFire    . . .     SeeInvis .     - Unarmed
rCold    + . .     Faith    .   (no shield)
rNeg     . . .     Spirit   .   (armour unavailable)
rPois    .         Reflect  .   (helmet restricted)
rElec    +         Harm     .   (no cloak)
rCorr    .         Rampage  .   e - +1 pair of gloves
MR       .....                  (no boots)
Stlth    +.........             (no amulet)
HPRegen  0.21/turn              k - ring of flight
MPRegen  0.13/turn              m - ring of protection from cold

@: no status effects
A: breathe lightning, unfitting armour, electricity resistance, cold-blooded, AC
+7
a: Breathe Lightning, Wall Jump, Serpent's Lash, Renounce Religion, Evoke Flight


You were on level 9 of the Dungeon.
You worshipped Wu Jian.
Wu Jian was most pleased with you.
You visited 2 branches of the dungeon, and saw 10 of its levels.

You collected 707 gold pieces.
You spent 449 gold pieces at shops.

Inventory:

Armour
 e - a +1 pair of gloves (worn)
Jewellery
 k - a ring of flight (left hand)
 m - a ring of protection from cold (right hand)
 r - an uncursed amulet of faith
 z - an uncursed ring of positive energy {unknown}
Wands
 w - a wand of flame (16)
 y - a wand of polymorph (8)
Scrolls
 a - 8 scrolls of remove curse
 g - 2 scrolls of teleportation
 i - 2 scrolls of enchant weapon
 l - 3 scrolls of amnesia
 s - 3 scrolls of enchant armour
 t - a scroll of blinking
 u - a scroll of magic mapping
 v - a scroll of fear
 x - 2 scrolls of fog {unknown}
Potions
 b - 4 potions of haste
 c - 3 potions of degeneration
 d - a potion of might
 f - 2 potions of flight
 h - 3 potions of mutation
 j - 2 potions of brilliance {unknown}
 n - 2 potions of curing {unknown}
 o - a potion of stabbing {unknown}
 p - a potion of resistance {unknown}
 q - 2 potions of lignification
 A - a potion of heal wounds {unknown}


   Skills:
 - Level 1.1 Fighting
 - Level 1.7 Dodging
 - Level 12.0 Unarmed Combat
 - Level 2.0 Spellcasting
 + Level 8.6 Transmutations


You had 2 spell levels left.
You knew the following spells:

 Your Spells              Type           Power        Failure   Level
a - Beastly Appendage     Tmut           ###...       1%          1
b - Wereblood             Tmut           ###.....     1%          2
c - Spider Form           Tmut/Pois      ##........   13%         3
d - Blade Hands           Tmut           ###.......   21%         5

Your spell library contained the following spells:

 Spells                   Type           Power        Failure   Level
 Magic Dart               Conj           #...         26%         1
 Searing Ray              Conj           #.....       36%         2
 Ice Form                 Ice/Tmut       ##......     41%         4
 Dazzling Flash           Conj/Hex       #.....       58%         3
 Fulminant Prism          Conj/Hex       #.........   94%         4
 Iskenderun's Mystic Bla  Conj/Tloc      #.......     94%         4


Dungeon Overview and Level Annotations

Branches:
Dungeon (9/15)             Temple (1/1) D:7
   Lair: D:8-11         Orc: D:9-12

Altars:
Ashenzari
Cheibriados
Dithmenos
Elyvilon
Fedhas
Gozag
Hepliaklqana
Kikubaaqudgha
Makhleb
Nemelex Xobeh
Okawaru
Qazlal
Ru
Sif Muna
Trog
Uskayaw
Vehumet
Wu Jian
Xom
Yredelemnul
Zin
The Shining One
Beogh

Shops:
D:5 *   D:6 :   D:7 ?   D:8 }[

Annotations:
D:9 Psyche


Innate Abilities, Weirdness & Mutations

You can breathe wild blasts of lightning.
Your glossy black scales are hard. (AC +7)
You cannot fit into any form of body armour.
You are resistant to electric shocks. (rElec)
You are cold-blooded and may be slowed by cold attacks.


Message History

You hit the slime creature.
The slime creature is lightly wounded.
The slime creature barely misses you.
You hit the slime creature but do no damage.
The slime creature looks as sick as possible!
The slime creature is lightly wounded.
The slime creature hits you!
* * * LOW HITPOINT WARNING * * *
You bite the slime creature!
The slime creature is moderately wounded.
You completely miss the slime creature.
The slime creature is moderately wounded.
The slime creature barely misses you.
Okay, then.
Your transformation has ended.
Your +1 pair of gloves unmelds from your body.
You barely miss the slime creature.
The slime creature is heavily wounded.
The slime creature hits you!
You die...

#.#..# #.#..### #
#.#..#.. . #.#..#.# #
#.#..#.# # #.#..#.# #
# #.#..#.# #
#.########.#..#.####
#..@J.......รท...##(.
##########...<......
########### # # #


You could see a slime creature (very poisoned).

Vanquished Creatures
  A gargoyle (D:8)
  2 slime creatures (D:9)
  A water moccasin (D:7)
  An orc warrior (D:8)
  Duvessa (D:6)
  A sky beast (D:8)
  A phantom (D:6)
  5 ogres
  An ice beast (D:7)
  A necrophage (D:7)
  5 centaurs
  A gnoll sergeant (D:6)
  3 bullfrogs
  A water moccasin zombie (D:8)
  Dowan (D:6)
  2 scorpions
  A howler monkey (D:5)
  A bullfrog zombie (D:8)
  A quasit (D:7)
  3 orc priests
  4 jellies
  A gnoll shaman (D:7)
  3 hounds
  7 orc wizards
  4 bullfrog skeletons
  2 iguanas
  8 worker ants
  Terence (D:2)
  A killer bee zombie (D:9)
  A hound skeleton (D:4)
  A hound zombie (D:6)
  10 adders
  9 gnolls
  3 shadow imps
  3 white imps
  An ufetubus (D:8)
  2 oozes
  2 adder skeletons
  3 worms
  3 dart slugs
  6 leopard geckos
  23 orcs
  4 giant cockroaches
  8 goblins
  4 hobgoblins
  6 jackals
  A quokka (D:6)
  A ball python (D:6)
  A ball python zombie (D:6)
  10 bats
  A frilled lizard (D:5)
  A jackal skeleton (D:8)
  8 kobolds
  A quokka skeleton (D:8)
  5 rats
183 creatures vanquished.

Vanquished Creatures (others)
  4 plants (D:8)
4 creatures vanquished.

Grand Total: 187 creatures vanquished

Notes
Turn   | Place    | Note
-------+----------+-------------------------------------------
     0 | D:1      | kae the Draconian Transmuter began the quest for the Orb.
     0 | D:1      | Reached XP level 1. HP: 16/16 MP: 3/3
   192 | D:1      | Reached XP level 2. HP: 21/23 MP: 3/5
  1287 | D:2      | Reached XP level 3. HP: 21/28 MP: 4/6
  1465 | D:2      | Learned a level 2 spell: Wereblood
  1469 | D:2      | Learned a level 3 spell: Spider Form
  1492 | D:2      | Found an ornate altar of the Wu Jian Council.
  1512 | D:2      | Reached skill level 4 in Unarmed Combat
  1522 | D:2      | Became a worshipper of the Wu Jian Council
  1690 | D:2      | Found a stormy altar of Qazlal.
  2141 | D:2      | Found a shadowy altar of Dithmenos.
  2145 | D:2      | Noticed Terence
  2152 | D:2      | Killed Terence
  2152 | D:2      | Reached XP level 4. HP: 33/35 MP: 2/7
  3381 | D:3      | Found an opulent altar of Gozag.
  3381 | D:3      | Found a glowing silver altar of Zin.
  3390 | D:3      | Reached skill level 5 in Unarmed Combat
  3725 | D:4      | Reached XP level 5. HP: 36/40 MP: 6/8
  3773 | D:4      | Reached * piety under Wu Jian
  4279 | D:4      | Reached XP level 6. HP: 34/47 MP: 2/9
  4452 | D:4      | Found a roughly hewn altar of Beogh.
  4458 | D:4      | Reached skill level 6 in Unarmed Combat
  4836 | D:5      | Entered Level 5 of the Dungeon
  5035 | D:5      | Found Roatexel's Assorted Antiques.
  5039 | D:5      | Bought a smoky coppery potion for 14 gold pieces
  5039 | D:5      | Bought a metallic inky potion for 14 gold pieces
  5039 | D:5      | Bought a fizzy grey potion for 14 gold pieces
  5039 | D:5      | Bought 2 lumpy dark potions for 28 gold pieces
  5372 | D:5      | Your scales start taking on a glossy black colour.
  5372 | D:5      | Reached XP level 7. HP: 12/52 MP: 4/10
  5372 | D:5      | Gained mutation: You are resistant to electric shocks.
                  | (rElec) [Black Draconian growth]
  5510 | D:5      | Reached skill level 7 in Unarmed Combat
  6132 | D:5      | Reached skill level 5 in Transmutations
  6606 | D:5      | Reached skill level 8 in Unarmed Combat
  6854 | D:6      | Found a blossoming altar of Fedhas.
  6861 | D:6      | Reached XP level 8. HP: 53/59 MP: 7/11
  6952 | D:6      | Learned a level 5 spell: Blade Hands
  6997 | D:6      | Found a radiant altar of Vehumet.
  7080 | D:6      | Reached ** piety under Wu Jian
  7190 | D:6      | Noticed Dowan
  7195 | D:6      | Killed Dowan
  7198 | D:6      | Noticed Duvessa
  7205 | D:6      | Killed Duvessa
  7420 | D:6      | Found Vylum Rest's Book Boutique.
  7435 | D:6      | Reached skill level 9 in Unarmed Combat
  8692 | D:7      | Found a staircase to the Ecumenical Temple.
  8874 | D:7      | Reached skill level 10 in Unarmed Combat
  9029 | Temple   | Entered the Ecumenical Temple
  9241 | D:7      | Reached XP level 9. HP: 64/64 MP: 8/12
  9670 | D:7      | Reached *** piety under Wu Jian
  9787 | D:7      | Found Deocw's Magic Scroll Boutique.
  9790 | D:7      | Bought a scroll of identify for 28 gold pieces
 10004 | D:7      | Bought a scroll of identify for 28 gold pieces
 10472 | D:8      | Reached skill level 11 in Unarmed Combat
 10531 | D:8      | Noticed a gargoyle
 10848 | D:8      | Found Huku Tal's Antique Armour Shoppe.
 10881 | D:8      | Bought a pair of scorched boots for 323 gold pieces
 10889 | D:8      | Identified the -5 pair of boots of the Minstrel {Int+3
                  | Dex+4} (You bought it in a shop on level 8 of the Dungeon)
 11020 | D:8      | Killed a gargoyle
 11237 | D:8      | Found a snail-covered altar of Cheibriados.
 11449 | D:8      | Found Bunajetz's Gadget Boutique.
 11794 | D:9      | Noticed Psyche
 11831 | D:9      | Reached skill level 12 in Unarmed Combat
 11831 | D:9      | Reached XP level 10. HP: 39/70 MP: 10/13
 11843 | D:9      | Slain by a slime creature

Illustrated notes

Levels and vault maps discovered:
D:1:      psy_arrival_conway, layout_basic, hex_large, kennysheep_doodads,
          minmay_tromino_mix6
D:2:      minmay_door_path, layout_basic, marbit_many_paths,
          grunt_dithmenos_smoke, old_standard_altar, minmay_door_square,
          hangedman_decor_growths, uniq_terence
D:3:      layout_loops_ring, grunt_temple_overflow_gold_and_silver
D:4:      wander_river, layout_cave_pools, kennysheep_orc_chapel
D:5:      layout_basic, serial_shops, shop, serial_curves, eino_curves_02,
          eino_curves_02, eino_curves_01, minmay_fractal_squares_5
D:6:      layout_loops_corners, kennysheep_mini_moat, serial_shops,
          nicolae_shop_crystal, serial_rivers, chequers_serial_rivers_micro_c,
          chequers_serial_rivers_small_b, chequers_serial_rivers_micro_d,
          chequers_serial_rivers_room_a, fedhas_altar_2, uniq_duvessa
D:7:      layout_loops_ring, minmay_temple_entry_tees, serial_shops,
          nicolae_shop_behind_doors
D:8:      layout_basic, slow_altar_1, serial_shops,
          nicolae_shop_overgrown_old_shop, shop, hangedman_decor_clover_reticule
D:9:      layout_loops_ring, uniq_psyche
Temple:   regret_index_temple_waves

Skill      XL: |  1  2  3  4  5  6  7  8  9 |
---------------+----------------------------+-----
Unarmed Combat | 4 5 6 8 10 12 | 12.0
Transmutations | 3 4 5 7 8 |  8.6
Fighting       | |  1.1
Dodging        | |  1.7
Spellcasting   | |  2.0

Action                   |  1- 3 |  4- 6 |  7- 9 | 10-12 || total
-------------------------+-------+-------+-------+-------++-------
Melee: Unarmed           |    98 |   143 |   364 |     6 ||   611
       Headbutt          |     9 |    14 |     7 |       ||    30
       Kick              |    14 |    17 |     6 |       ||    37
       Tailslap          |     6 |     8 |    23 |       ||    37
       Punch             |       |     1 |     9 |       ||    10
 Cast: Beastly Appendage |    20 |    28 |     7 |       ||    55
       Spider Form       |     1 |     6 |    30 |       ||    37
       Wereblood         |       |     1 |       |       ||     1
Invok: Lunge             |     2 |     9 |    26 |       ||    37
       Whirlwind         |       |     3 |     6 |       ||     9
 Abil: Breathe Lightning |       |       |     4 |       ||     4
  Use: Scroll            |     7 |     5 |    10 |       ||    22
Armor: Skin              |    32 |    31 |    49 |       ||   112
Dodge: Dodged            |    60 |    83 |   229 |     2 ||   374

Table legend: (Time is in decaauts)
 A = Elapsed time spent in this place.
 B = Non-inter-level travel time spent in this place.
 C = Inter-level travel time spent in this place.
 D = Time resting spent in this place.
 E = Time spent auto-exploring this place.
 F = Levels seen in this place.
 G = Mean time per level.
                   A        B        C        D        E       F      G
               +--------+--------+--------+--------+--------+-----+--------+
         Total |  11783 |  11438 |    345 |   2026 |   8016 |  10 | 1178.3 |
       Dungeon |  11640 |  11366 |    274 |   2026 |   7945 |   9 | 1293.3 |
        Temple |    143 |     73 |     70 |      0 |     70 |   1 |  143.0 |
               +--------+--------+--------+--------+--------+-----+--------+

Top non-repeatable levels by time:
     D:5: 2231 daAuts
     D:6: 1619 daAuts
     D:2: 1526 daAuts
     D:8: 1332 daAuts
     D:1: 1255 daAuts
     D:4: 1248 daAuts
     D:7: 1195 daAuts
     D:3: 923 daAuts
     D:9: 307 daAuts
  Temple: 143 daAuts
